 Dungeon Crawl Stone Soup version 0.26-a0-639-g72c4674329 (webtiles) character file.

Game seed: 14535624212063310680

56 Apogee the Ruffian (level 3, -3/36 HPs)
             Began as a Troll Berserker on Sept 25, 2020.
             Was a Believer of Trog.
             Slain by Robin
             ... wielding a +1 antimagic spear
              (6 damage)
             ... on level 2 of the Dungeon.
             The game lasted 00:01:13 (1124 turns).

Apogee the Ruffian (Troll Berserker)                Turns: 1124, Time: 00:01:14

Health: -3/36      AC:  6    Str: 26    XL:     3   Next: 69%
Magic:  1/2        EV: 10    Int:  3    God:    Trog [**....]
Gold:   71         SH:  0    Dex:  9    Spells: 2/2 levels left

rFire    . . .     SeeInvis .     - Unarmed
rCold    . . .     Faith    .   (no shield)
rNeg     . . .     Spirit   .   a - +0 animal skin
rPois    .         Reflect  .   (helmet restricted)
rElec    .         Harm     .   (no cloak)
rCorr    .         Rampage  .   (gloves unavailable)
MR       .....                  (boots unavailable)
Stlth    +.........             (no amulet)
HPRegen  0.52/turn              (no ring)
MPRegen  0.08/turn              (no ring)

@: berserk cooldown, slowed, very slow
A: large, unfitting armour, claws 3, regeneration 1, shaggy fur 1, tough skin 3
a: Berserk, Trog's Hand, Renounce Religion


You were on level 2 of the Dungeon.
You worshipped Trog.
Trog was pleased with you.
You visited 1 branch of the dungeon, and saw 2 of its levels.

You collected 71 gold pieces.

Inventory:

Missiles
 b - 31 poisoned darts (quivered)
 j - 126 stones
Armour
 a - a +0 animal skin (worn)
Scrolls
 c - 3 scrolls of remove curse {unknown}
 g - a scroll of noise {unknown}
 k - a scroll of teleportation {unknown}
Potions
 d - a potion of magic {unknown}
 e - a potion of haste {unknown}
 f - 2 potions of stabbing {unknown}
 h - a potion of berserk rage {unknown}
 i - a potion of cancellation {unknown}


   Skills:
 * Level 2.9 Fighting
 + Level 1.0 Throwing
 + Level 2.7 Dodging
 * Level 3.6 Unarmed Combat


You had 2 spell levels left.
You didn't know any spells.
Your spell library was empty.

Dungeon Overview and Level Annotations

Branches:
Dungeon (2/15)

Altars:

Annotations:
D:2 Robin


Innate Abilities, Weirdness & Mutations

You are too large for most types of armour.
You have claws for hands.
Your natural rate of healing is unusually fast.
You are covered in fur. (AC +1)
You have extremely tough skin. (AC +3)


Message History

Trog accepts your kill.
The goblin no longer looks unusually strong. x2
The goblin hits you but does no damage. Robin throws the goblin at you!
Unknown command.
You mangle the goblin!!
You kill the goblin!
Trog accepts your kill.
Robin roars a battlecry!
The goblin goes into a battle-frenzy!
The hobgoblin barely misses you. Robin hits you but does no damage.
You closely miss the hobgoblin.
The hobgoblin no longer looks unusually strong.
The hobgoblin barely misses you. Robin throws the goblin at you!
The hobgoblin hits you but does no damage.
You scratch the hobgoblin. The goblin hits you with a +0 dagger.
Robin says, "A pitiful Troll like you will never find the ORB!"
Robin hits you but does no damage. The hobgoblin hits you.
The goblin barely misses you.
You barely miss the goblin.
Robin roars a battlecry!
The hobgoblin goes into a battle-frenzy!
The hobgoblin barely misses you. The goblin barely misses you.
Robin closely misses you.
A rat comes into view.
You scratch the goblin but do no damage.
The hobgoblin hits you but does no damage.
The goblin hits you but does no damage. Robin barely misses you.
The hobgoblin hits you but does no damage.
The goblin hits you with a +0 dagger.
* * * LOW HITPOINT WARNING * * *
You barely miss the goblin. Robin hits you but does no damage.
The hobgoblin hits you.
* * * LOW HITPOINT WARNING * * *
The goblin hits you with a +0 dagger.
* * * LOW HITPOINT WARNING * * *
You barely miss the goblin. Robin closely misses you.
The hobgoblin barely misses you. The goblin closely misses you.
Robin barely misses you.
Unknown command.
You barely miss the goblin. The hobgoblin closely misses you.
The goblin hits you with a +0 dagger!
* * * LOW HITPOINT WARNING * * *
Robin barely misses you. The hobgoblin hits you.
* * * LOW HITPOINT WARNING * * *
You claw the goblin!
You kill the goblin!
Trog accepts your kill. Robin closely misses you.
The hobgoblin closely misses you.
Robin hits you from afar with a +1 antimagic spear.
You die... ...##... #...... #.....# ..... .r.. #gr

#g# #####@# #####...#)#
#.........#
########.###...#.#
...........#.(.#.#
.......)...#...#.#
#.#..#
...........#...... .....
...........###.#.###.. .
....##.
.....)).........[....#.#
...##.


You could see Robin, a hobgoblin (strong) and 2 rats.

Vanquished Creatures
  A worm (D:2)
  A bat (D:1)
  14 goblins
  6 hobgoblins
  8 jackals (D:1)
  6 kobolds
  3 frilled lizards (D:1)
  5 rats (D:1)
44 creatures vanquished.

Notes
Turn   | Place    | Note
-------+----------+-------------------------------------------
     0 | D:1      | Apogee the Troll Berserker began the quest for the Orb.
     0 | D:1      | Reached XP level 1. HP: 22/22 MP: 0/0
   150 | D:1      | Reached XP level 2. HP: 29/29 MP: 1/1
   631 | D:1      | Reached ** piety under Trog
   713 | D:1      | Reached XP level 3. HP: 36/36 MP: 2/2
  1027 | D:2      | Reached skill level 1 in Throwing
  1094 | D:2      | Noticed Robin
  1124 | D:2      | Slain by Robin

Illustrated notes

Levels and vault maps discovered:
D:1:      dpeg_arrival_another_circle, layout_basic,
          kennysheep_decorative_pillar
D:2:      layout_basic, uniq_robin

Skill      XL: |  1  2  3 |
---------------+----------+-----
Throwing       | 1 |  1.0
Fighting       | |  2.9
Dodging        | |  2.7
Unarmed Combat | |  3.6

Action                   || total
-------------------------++-------
Melee: Unarmed           ||   113
       Punch             ||     1
Invok: Berserk           ||     1
Armor: Animal skin       ||    62
Dodge: Dodged            ||    86

Table legend: (Time is in decaauts)
 A = Elapsed time spent in this place.
 B = Non-inter-level travel time spent in this place.
 C = Inter-level travel time spent in this place.
 D = Time resting spent in this place.
 E = Time spent auto-exploring this place.
 F = Levels seen in this place.
 G = Mean time per level.
                   A        B        C        D        E       F      G
               +--------+--------+--------+--------+--------+-----+--------+
         Total |   1117 |   1068 |     49 |      0 |    849 |   2 |  558.5 |
       Dungeon |   1117 |   1068 |     49 |      0 |    849 |   2 |  558.5 |
               +--------+--------+--------+--------+--------+-----+--------+

Top non-repeatable levels by time:
     D:1: 959 daAuts
     D:2: 158 daAuts
